[Event "Israel Open Championship 2023"]
[Site "Acre"]
[Date "2024.01.29"]
[Round "9.9"]
[White "Levin, Guy"]
[Black "Sitbon, Itay"]
[Result "1-0"]
[ECO "E01"]
[WhiteElo "2435"]
[BlackElo "2213"]
[Annotator "RC"]
[PlyCount "159"]
[EventDate "2024.01.18"]
[EventType "swiss"]
[EventCountry "ISR"]
[SourceTitle "playchess.com"]
[Source "ChessBase"]
[SourceQuality "1"]
[TimeControl "5400+30"]

1. c4 Nf6 2. Nf3 e6 3. g3 d5 4. Bg2 Be7 5. O-O O-O 6. d3 c5 7. cxd5 Nxd5 8. d4 Nc6 9. dxc5 Bxc5 10. a3 Nf6 11. Qc2 Bb6 12. Nc3 h6 13. Na4 Bc7 14. Be3 Qe7 15. Rfd1 Bd6 16. b4 Nd5 17. Bd2 Bd7 18. e4 Rac8 19. Qb3 Nf6 20. b5 Ne5 21. Nxe5 Bxe5 22. Bb4 Qe8 23. Rac1 Rxc1 24. Rxc1 Bxb5 25. Bxf8 Bxa4 26. Qb4 Bc6 27. Bc5 a6 28. Rd1 Kh7 29. Bb6 Nd7 30. Bd4 Bxd4 31. Rxd4 e5 32. Rd6 Nf6 33. Bh3 Qe7 34. f3 g6 35. Rd2 Qc7 36. Qc5 Kg7 37. Rd6 Ne8 38. Rd2 Nf6 39. Kf2 Qb8 40. Rd6 Qe8 41. Qb6 Qe7 42. Qd8 Qxd8 43. Rxd8 h5 44. Bc8 g5 45. h4 g4 46. Bf5 gxf3 47. Kxf3 Kh6 48. Ke3 Kg7 49. Kd3 Bb5+ 50. Kd2 Bc6 51. Ke3 Kh6 52. Rd6 Kg7 53. Bc8 Ne8 54. Rxc6 bxc6 55. Bxa6 Nd6 56. a4 f5 57. exf5 Nxf5+ 58. Kf2 Nd6 59. a5 c5 60. Be2 Kg6 61. a6 Nc8 62. Ke3 Na7 63. Ke4 Nc6 64. Kd5 Nb4+ 65. Kxc5 Nxa6+ 66. Bxa6 Kf5 67. Be2 Kg6 68. Kd5 e4 69. Kxe4 Kh6 70. Kf5 Kg7 71. Bxh5 Kh6 72. g4 Kg7 73. g5 Kh7 74. Bd1 Kg7 75. h5 Kh7 76. h6 Kh8 77. g6 Kg8 78. Bb3+ Kh8 79. g7+ Kh7 80. g8=Q+ 1-0

[Event "Israel Open Championship 2023"]
[Site "Acre"]
[Date "2024.01.29"]
[Round "9.10"]
[White "Zemach, Nadav"]
[Black "Gavriely, Or"]
[Result "1-0"]
[ECO "D78"]
[WhiteElo "2384"]
[BlackElo "2106"]
[Annotator "RC"]
[PlyCount "153"]
[EventDate "2024.01.18"]
[EventType "swiss"]
[EventCountry "ISR"]
[SourceTitle "playchess.com"]
[Source "ChessBase"]
[SourceQuality "1"]
[TimeControl "5400+30"]

1. d4 Nf6 2. c4 c6 3. Nf3 d5 4. g3 g6 5. Bg2 Bg7 6. O-O O-O 7. a4 Ne4 8. Nc3 f5 9. Bf4 e6 10. Rc1 Nd7 11. Ne5 Qb6 12. Nxe4 Nxe5 13. Nf6+ Bxf6 14. dxe5 Be7 15. Qc2 Rd8 16. Rfd1 Bd7 17. h4 Be8 18. cxd5 cxd5 19. Qc7 Qxc7 20. Rxc7 Rd7 21. Rc2 Rdd8 22. Rdc1 Bc6 23. Bf1 Rd7 24. b3 d4 25. Bg2 Bxg2 26. Kxg2 Rad8 27. Rd1 Kg7 28. Rd3 h6 29. Bc1 g5 30. h5 Kf7 31. Rc4 Ke8 32. Bb2 a6 33. f4 Rd5 34. Kf1 g4 35. Ke1 Bc5 36. Kd1 b5 37. axb5 axb5 38. Rc1 Kd7 39. Kc2 b4 40. Rcd1 Kc6 41. R3d2 Kb5 42. Kd3 R5d7 43. Ra1 Bb6 44. Rc2 Bc5 45. Bc1 Rb7 46. Bd2 Rdb8 47. Be1 Rc7 48. Rc4 Rcb7 49. Bf2 Rd7 50. Ra4 Kc6 51. Ra6+ Rb6 52. Rxb6+ Kxb6 53. Bxd4 Bxd4 54. Rxb4+ Kc5 55. Rc4+ Kb5 56. Rxd4 Ra7 57. Rd6 Ra1 58. Ke3 Rh1 59. Rxe6 Rxh5 60. Rd6 Rh3 61. Kf2 h5 62. e6 h4 63. gxh4 Rxb3 64. Rd3 Rb4 65. Rd5+ Kc6 66. Re5 Rb8 67. Rxf5 Kd6 68. Re5 Ke7 69. Kg3 Rg8 70. e4 Rg6 71. f5 Rg8 72. Rb5 Kf6 73. Rb7 Ra8 74. Rf7+ Ke5 75. e7 Kd6 76. f6 Ra3+ 77. Kxg4 1-0

[Event "Israel Open Championship 2023"]
[Site "Acre"]
[Date "2024.01.29"]
[Round "9.11"]
[White "Shohat, Yotam"]
[Black "Orian, Noga"]
[Result "1-0"]
[ECO "D02"]
[WhiteElo "2328"]
[BlackElo "2052"]
[Annotator "TA"]
[PlyCount "59"]
[EventDate "2024.01.18"]
[EventType "swiss"]
[EventCountry "ISR"]
[SourceTitle "playchess.com"]
[Source "ChessBase"]
[SourceQuality "1"]
[TimeControl "5400+30"]

1. Nf3 d5 2. g3 Nd7 3. d4 Nb6 4. Bg2 Bf5 5. O-O h6 6. a4 a5 7. Ne5 Nf6 8. c4 {[%emt 0:01:40] White is slightly better.} c6 9. cxd5 Nbxd5 ({Black should play} 9... cxd5 $14 10. Qb3 e6) 10. Qb3 $16 Qc7 11. Nc3 e6 12. Re1 Nb4 13. e4 Bh7 14. Bf4 {[%emt 0:00:08][%cal Oe5g6] Black must now prevent Ng6!} Bd6 {[%emt 0:07:47] [#]} 15. Nxf7 $1 Kxf7 16. e5 {[%emt 0:00:06][%cal Ob3e6] Hoping for Qxe6+!} Qd7 17. exd6 Bc2 18. Qc4 {[%emt 0:03:33] Strongly threatening Bh3.} Bd3 19. Qc5 Bf5 20. Bf1 {[%emt 0:08:07] White has more active pieces.} Nc2 {[%emt 0:11:57] [#]} 21. Bc4 $1 $36 {[%emt 0:00:42][%mdl 2048] White is in control.} Kg6 {[%emt 0:00:31] [#]} (21... Bh3 $16) 22. f3 $1 $18 {[%emt 0:04:58][%cal Og3g4] And now g4! would win.} h5 (22... b6 23. Qe5) 23. h3 {[%emt 0:05:20][%cal Og3g4,Bh2h3,Bh3g4][%mdl 32] g4! would now be deadly. Really sharp!} Nxe1 (23... b6 $142 24. Qxb6 Nxe1 25. Rxe1 Bxh3 26. Bd3+ Kf7) 24. Rxe1 {[%emt 0:00:04] Threatens to win with g4.} Rhe8 $2 (24... Nd5 {was worth a try.} 25. Nxd5 cxd5) 25. g4 hxg4 26. hxg4 Bc2 27. Re2 Nd5 28. Nxd5 exd5 {[%emt 0:00:17] Black is weak on the dark squares} 29. Rxc2 dxc4 30. Qh5+ {[%emt 0:00:07] Weighted Error Value: White=0.06 (flawless) /Black=0.70.  Mistake:       	---       	Black=4      Inaccurate:     	---       	Black=1      OK:         	White=7     	Black=7      Best:        	White=4     	Black=1      Strong:       	White=2     	---        Brilliant:      	White=1     	---} 1-0

[Event "Israel Open Championship 2023"]
[Site "Acre"]
[Date "2024.01.29"]
[Round "9.12"]
[White "Kochavi, Ori"]
[Black "Steiner-Prozhanski, Giora"]
[Result "1/2-1/2"]
[ECO "B47"]
[WhiteElo "2428"]
[BlackElo "2229"]
[Annotator "TA"]
[PlyCount "82"]
[EventDate "2024.01.18"]
[EventType "swiss"]
[EventCountry "ISR"]
[SourceTitle "playchess.com"]
[Source "ChessBase"]
[SourceQuality "1"]
[TimeControl "5400+30"]

1. e4 c5 2. Nf3 e6 3. d4 cxd4 4. Nxd4 Nc6 5. Nc3 Qc7 6. g3 a6 7. Bg2 Nf6 8. O-O Nxd4 9. Qxd4 Bc5 10. Bf4 d6 11. Qd2 h6 12. Rad1 e5 13. Be3 Bb4 {[%emt 0:06:33] [#]} 14. Nb5 $1 axb5 15. Qxb4 Rxa2 {[%emt 0:05:41] White is slightly better.} 16. Rxd6 O-O 17. Rd2 Be6 18. Rfd1 (18. Qxb5 Bc4 19. Qb4 Bxf1 20. Bxf1 Rfa8 $15) 18... Rfa8 19. Qxb5 R8a5 20. Qb4 (20. Bb6 {simplifies} Rxb5 21. Bxc7 Rbxb2 22. Rc1) 20... R5a4 21. Rd8+ (21. Qb6 {simplifies} Qxb6 22. Bxb6 Nxe4 23. Rd8+) 21... Kh7 22. Qf8 {[%emt 0:00:05] And now Qh8+ would win.} Ra1 $1 23. Qh8+ ({Better is} 23. Bf3 $1 $15) 23... Kg6 $17 24. Bf3 {[%emt 0:00:11] [#]} (24. c3 $2 Ra8 (24... Rxd1+ 25. Rxd1 Ra2 26. Bc1 $14) 25. f4 exf4 (25... Rxd8 $2 26. f5+ Bxf5 27. exf5+ Kxf5 28. Qxd8 $19) (25... Rxd1+ $2 26. Rxd1 Rxh8 27. fxe5 $19) 26. gxf4 Rxd1+ (26... Rxd8 $2 27. f5+ Bxf5 28. exf5+ Kxf5 29. Qxd8 $19) 27. Rxd1 Rxh8 $19) 24... Qxc2 $2 ({Black should play} 24... Bh3 $1 $19 {...Qc6 would now be deadly.} 25. Bg5 Rxd1+ (25... Kxg5 26. Qxg7#) (25... hxg5 26. Qxh3 Qxd8 27. Kg2 $11) 26. Rxd1 Nxe4) 25. h4 $36 {[%emt 0:05:16][%cal Oe3h6][%mdl 2048] Strongly threatening Bxh6! Black is under pressure. Really sharp!} Rxd1+ $1 26. Rxd1 h5 (26... Nxe4 27. h5+ Kf6 28. Qd8+ Kf5 29. g4#) 27. Rc1 (27. Bg5 $11 {keeps the balance.} Ng4 28. Bxg4 Bxg4 (28... hxg4 $2 29. Be7 $18) 29. Rd6+ Be6 30. Rxe6+ fxe6 31. Qe8+ Kh7 32. Qxh5+ Kg8 33. Qe8+ Kh7 34. Qh5+ Kg8 35. Qe8+ Kh7 36. Qh5+) 27... Qxb2 $17 28. Qd8 Ra1 (28... Nxe4 $2 {too greedy.} 29. Bxe4+ Rxe4 30. Qg5+ Kh7 31. Qxh5+ Kg8 32. Rd1 $18) (28... b5 $17 {[%cal Ob5b4] White must now prevent ...b4!} 29. Qd1 Ng4 (29... Nxe4 30. Rb1 $11)) 29. Rxa1 (29. Qd1 $15 Ra2 30. Rb1) 29... Qxa1+ 30. Kg2 {[%emt 0:00:03] [#]} Bg4 (30... b5 $1 $17 {Threatens to win with ...b4.} 31. Qd6 Qc3) 31. Bxg4 $11 hxg4 {[%emt 0:00:05][%mdl 4096] Endgame. KQB-KQN} 32. Qc8 Kh7 33. Bg5 Qa6 34. Qf5+ Kh8 35. Qxe5 Ng8 36. Be3 Nf6 {[%emt 0:00:20] Prevents Qh5+.} 37. Bg5 Ng8 38. Qf5 Qe2 $1 {[%emt 0:00:00] The position is equal.} 39. Be3 (39. Qxf7 Qxe4+ 40. Kg1 Qe1+ 41. Kg2 Qe4+ 42. Kg1 Kh7) 39... Nf6 40. Qc8+ Kh7 41. Qf5+ Kg8 {[%emt 0:00:42] Weighted Error Value: White=0.25 (precise) /Black=0.23 (precise) .  Missed win:     	---       	Black=2      Mistake:       	White=3     	Black=2      Inaccurate:     	White=5     	Black=2      OK:         	White=8     	Black=12     Best:        	White=2     	Black=4      Strong:       	---       	Black=3} 1/2-1/2

[Event "Israel Open Championship 2023"]
[Site "Acre"]
[Date "2024.01.29"]
[Round "9.13"]
[White "Gluhovsky, Mark"]
[Black "Yaniv, Yuval"]
[Result "1-0"]
[ECO "C02"]
[WhiteElo "2235"]
[BlackElo "2383"]
[Annotator "RC"]
[PlyCount "69"]
[EventDate "2024.01.18"]
[EventType "swiss"]
[EventCountry "ISR"]
[SourceTitle "playchess.com"]
[Source "ChessBase"]
[SourceQuality "1"]
[TimeControl "5400+30"]

1. e4 e6 2. d4 d5 3. e5 c5 4. c3 Nc6 5. Nf3 Bd7 6. Be2 Nge7 7. Na3 cxd4 8. cxd4 Nf5 9. O-O f6 10. Bd3 Be7 11. Bxf5 exf5 12. exf6 Bxf6 13. Bf4 O-O 14. Qb3 Be8 15. Qxb7 Rf7 16. Qb3 g5 17. Be5 g4 18. Bxf6 Rxf6 19. Ne5 Nxd4 20. Qd3 Ne6 21. Rad1 d4 22. Rfe1 Rb8 23. Nac4 Qd5 24. Qg3 Rb7 25. Ne3 Qd8 26. Nxf5 Rxf5 27. Nxg4 Ng7 28. Nh6+ Kf8 29. Qa3+ Re7 30. Rxd4 Qc7 31. Rde4 Rh5 32. Qxe7+ Qxe7 33. Rxe7 Rxh6 34. Rxg7 Kxg7 35. Rxe8 1-0

[Event "Israel Open Championship 2023"]
[Site "Acre"]
[Date "2024.01.29"]
[Round "9.14"]
[White "Tifferet, Shakked"]
[Black "Uritsky, Yonathan"]
[Result "1/2-1/2"]
[ECO "E65"]
[WhiteElo "2334"]
[BlackElo "2097"]
[Annotator "RC"]
[PlyCount "184"]
[EventDate "2024.01.18"]
[EventType "swiss"]
[EventCountry "ISR"]
[SourceTitle "playchess.com"]
[Source "ChessBase"]
[SourceQuality "1"]
[TimeControl "5400+30"]

1. c4 Nf6 2. g3 c5 3. Bg2 g6 4. Nc3 Bg7 5. Nf3 O-O 6. O-O Nc6 7. d4 d6 8. dxc5 dxc5 9. Bf4 Be6 10. Ne5 Nxe5 11. Bxe5 Bxc4 12. Bxb7 Qxd1 13. Rfxd1 Rad8 14. b3 Be6 15. Na4 c4 16. Nc5 Bd5 17. Bxd5 Rxd5 18. Bxf6 Rxd1+ 19. Rxd1 Bxf6 20. Nd7 cxb3 21. axb3 Rc8 22. Rd5 Kg7 23. Rb5 Bd4 24. Rb7 Rc1+ 25. Kg2 Rb1 26. e3 Bc3 27. Nc5 Ba5 28. Rxe7 Bb6 29. Ne4 Rxb3 30. Nd6 Kf6 31. Rb7 Rb2 32. Kf3 Rc2 33. h4 h5 34. Ne4+ Kg7 35. Nd6 Kf6 36. Nxf7 Rc7 37. Rxc7 Bxc7 38. Ng5 a5 39. Ne4+ Kf5 40. Nc3 Be5 41. Na4 g5 42. hxg5 Kxg5 43. Nc5 Kf5 44. e4+ Kg5 45. Kg2 Kg6 46. f4 Bd6 47. Na4 h4 48. Kh3 hxg3 49. Kxg3 Kf6 50. Kg4 Ke6 51. Kf3 Kf6 52. Nb6 Ke6 53. Na4 Kf6 54. Ke3 Ke6 55. Nb2 Kf6 56. f5 Bc7 57. Kd3 Bd8 58. Kd4 Bc7 59. Kd5 Be5 60. Nc4 Bc3 61. Nb6 Bb2 62. Nd7+ Ke7 63. Nc5 Kf6 64. Nd3 Bc3 65. Kc4 Bd2 66. Kd4 Bg5 67. Ne5 Bd2 68. Nf3 Bf4 69. Kc4 Bc7 70. Kb5 Bd8 71. Kc5 Be7+ 72. Kd5 a4 73. Nd4 a3 74. e5+ Kf7 75. Nc2 a2 76. Kc4 Bf6 77. Kd4 Bg7 78. Kd5 Ke7 79. Ke4 Kf7 80. Kf4 Ke7 81. Na1 Bh6+ 82. Ke4 Bc1 83. Kd5 Bb2 84. f6+ Kf7 85. Nb3 a1=Q 86. Nxa1 Bxa1 87. Kd6 Bb2 88. Kd5 Bc3 89. Kd6 Bb2 90. e6+ Kxf6 91. e7 Ba3+ 92. Kd7 Bxe7 1/2-1/2

[Event "Israel Open Championship 2023"]
[Site "Acre"]
[Date "2024.01.29"]
[Round "9.15"]
[White "Milikow, Yoav"]
[Black "Pelech, Roee"]
[Result "1-0"]
[ECO "B22"]
[WhiteElo "2376"]
[BlackElo "2178"]
[Annotator "TA"]
[PlyCount "65"]
[EventDate "2024.01.18"]
[EventType "swiss"]
[EventCountry "ISR"]
[SourceTitle "playchess.com"]
[Source "ChessBase"]
[SourceQuality "1"]
[TimeControl "5400+30"]

1. e4 c5 2. c3 d5 3. exd5 Qxd5 4. d4 Nf6 5. Nf3 e6 6. Be3 cxd4 7. cxd4 Bb4+ 8. Nc3 O-O 9. Bd3 Nc6 10. O-O Bxc3 11. bxc3 h6 {[%emt 0:03:24] Dodges Bg5} (11... b6 $14) 12. Rb1 (12. Qd2 $16) 12... a6 ({Better is} 12... b6 $14) 13. c4 $16 Qd6 {[%emt 0:02:50][%cal Ob7b5] White is clearly better.} 14. Qd2 {[%emt 0:01:44][%cal Oe3h6] [#] Hoping for Bxh6!} Rd8 15. Rfd1 Qe7 16. h3 {[%emt 0:05:38] White is more active.} Nd7 (16... b5 $16 {was necessary.}) 17. Be4 a5 18. Rb5 (18. Bxh6 $6 gxh6 19. Qxh6 Qf6 $14) 18... a4 19. Re1 Qf6 (19... f6 {keeps fighting.} 20. d5 Nce5) 20. Rh5 $18 Nf8 21. g4 g5 $2 {[%emt 0:07:15] [#]} (21... Ra6 22. Rd1 Rd7) 22. h4 {[%emt 0:06:16][%cal Bh3h4,Bh4g5,Bg5h6][%mdl 32] White is clearly winning.} Qg7 23. hxg5 e5 24. Bxc6 (24. gxh6 $2 {too greedy.} Qxg4+ 25. Kh1 Qxh5+ $19) 24... Bxg4 (24... bxc6 $142 25. Qc3 (25. Nxe5 Qxe5 26. dxe5 Rxd2 $18) (25. Rxh6 Bxg4 26. Nxe5 Qxe5 $18) 25... exd4 26. Bxd4 Rxd4 27. Qxd4 (27. Nxd4 Bxg4 28. gxh6 Qf6 $18) 27... Qxd4 28. Nxd4 Bxg4) 25. gxh6 Qf6 26. Rg5+ Ng6 27. Nxe5 Bf5 28. Bd5 Kh7 29. Nxg6 fxg6 30. Bf4 Rd7 31. Be5 Qb6 32. c5 Qa6 33. Bd6 {[%emt 0:00:17] White took control after the opening.   Weighted Error Value: White=0.44/Black=0.66.  Mistake:       	White=1     	Black=4      OK:         	White=6     	Black=2      Best:        	---       	Black=1} 1-0

[Event "Israel Open Championship 2023"]
[Site "Acre"]
[Date "2024.01.29"]
[Round "9.16"]
[White "Liubarov, Mark"]
[Black "Ribstein, Orel"]
[Result "1-0"]
[ECO "B22"]
[WhiteElo "2305"]
[BlackElo "2043"]
[Annotator "TA"]
[PlyCount "125"]
[EventDate "2024.01.18"]
[EventType "swiss"]
[EventCountry "ISR"]
[SourceTitle "playchess.com"]
[Source "ChessBase"]
[SourceQuality "1"]
[TimeControl "5400+30"]

1. e4 c5 2. c3 d5 3. exd5 Qxd5 4. d4 Nc6 5. Nf3 Bf5 6. Be3 cxd4 {[%emt 0:00:28] B22: Sicilian: 2 c3.} 7. cxd4 Bxb1 8. Rxb1 {[%emt 0:06:01] The main line 8.Rxb1 scores better than 8.Qxb1.} e6 9. a3 Nf6 10. Rc1 Bd6 11. Bc4 Qh5 12. Be2 Qd5 $146 ({Predecessor:} 12... Qa5+ 13. Bd2 Qb6 14. O-O O-O 15. Bc3 Rfd8 16. Qa4 Nd5 17. Rfd1 Qc7 18. b4 a6 {½-½ Del Prato,U (1882)-Benedetti,M (1918) Arco Christmas op 11th 2021 (3)}) 13. O-O O-O 14. Bg5 Ng4 15. Bc4 Qf5 16. Bd3 Qd5 17. Be3 Qh5 18. h3 Nxe3 19. fxe3 Rad8 20. Nd2 (20. Qd2 $5) 20... Qg5 21. Qe2 Qg3 22. Rf3 Qh2+ 23. Kf2 Be7 24. Rg3 Bd6 $1 (24... Bh4 $2 25. Nf1 Bxg3+ 26. Nxg3 $18) 25. Nf1 Qh1 $1 (25... Bxg3+ $2 26. Nxg3 e5 27. Rh1 $18) 26. Re1 f5 (26... Bxg3+ $2 27. Nxg3 Qh2 28. Rh1 $18) 27. Qh5 (27. Rf3 $11) 27... g6 $2 (27... Bxg3+ $2 28. Nxg3 Qh2 29. Rh1 $18) (27... Rf6 $1 $15 {stays ahead.}) 28. Rxg6+ $1 $18 hxg6 29. Qxg6+ Kh8 30. Qh6+ (30. Ng3 $142 Bxg3+ (30... Qh2 $2 31. Qh6+ Kg8 32. Qxe6+ Kh7 33. Bxf5+ Rxf5+ 34. Nxf5 $18) 31. Qxg3 Qxe1+ 32. Kxe1) 30... Kg8 $18 {[%emt 0:00:04] [#]} 31. Bc4 $1 Kf7 32. Bxe6+ (32. Nd2 $2 Bg3+ 33. Kf3 Qxe1 $19 (33... Bxe1 $2 34. Bxe6+ Ke7 35. Ba2 $19)) 32... Ke7 33. Bb3 Kd7 {[%emt 0:00:00] [#]} 34. Qg7+ $1 Kc8 35. Nd2 Qh2 (35... Be5 $16 {might work better.} 36. Qg6 (36. dxe5 $2 Rxd2+ 37. Re2 Rfd8 $19) (36. Be6+ Kb8 $16) 36... Rf6) 36. Nf3 $18 Qg3+ 37. Qxg3 Bxg3+ 38. Kxg3 f4+ 39. exf4 Nxd4 40. Nxd4 Rxd4 41. Be6+ Kc7 (41... Kd8 $16) 42. f5 $18 a5 (42... Rf6 $142 43. Kf3 Kc6) 43. Kf3 $18 Kd6 44. Re4 Rd3+ $2 (44... Rxe4 45. Kxe4 Re8) 45. Kf4 Rd2 46. g4 Rxb2 47. Rd4+ Kc6 (47... Kc5 {was called for.} 48. Rd5+ Kc6) 48. g5 $18 Re2 49. Re4 Rf2+ 50. Ke5 b5 51. g6 Rg2 52. h4 Kc5 53. h5 b4 54. axb4+ axb4 55. h6 Re8 56. Re3 Rc2 57. Kf6 Rc3 58. Re5+ Kd6 59. g7 Rh3 60. Rd5+ ({Worse is} 60. g8=B Rxh6+ 61. Kg5 Kxe5 $11 (61... Rxg8+ 62. Kxh6 Kxe5 63. Bxg8 $11)) 60... Kc6 61. Bd7+ Kxd5 62. Bxe8 Rxh6+ 63. Bg6 1-0

[Event "Israel Open Championship 2023"]
[Site "Acre"]
[Date "2024.01.29"]
[Round "9.17"]
[White "Gov, Guy"]
[Black "Slobodiansky, Steven"]
[Result "1/2-1/2"]
[ECO "C07"]
[WhiteElo "2127"]
[BlackElo "2273"]
[Annotator "TA"]
[PlyCount "86"]
[EventDate "2024.01.18"]
[EventType "swiss"]
[EventCountry "ISR"]
[SourceTitle "playchess.com"]
[Source "ChessBase"]
[SourceQuality "1"]
[TimeControl "5400+30"]

1. e4 e6 2. d4 d5 3. Nd2 c5 4. exd5 Qxd5 5. Ngf3 cxd4 6. Bc4 Qd6 7. O-O Nf6 8. Nb3 Nc6 9. Nbxd4 Nxd4 10. Nxd4 Be7 11. c3 O-O 12. Qf3 Qc7 13. Bb3 Bd7 14. Bg5 h6 15. Bh4 a5 16. a4 {[%emt 0:00:00] White has an edge.} Qb6 17. Rfe1 Bc6 18. Qh3 (18. Qe2 {simplifies} Bd5 19. Bxf6 Bxf6 20. Bxd5 Bxd4 21. Bxe6 Bxf2+ 22. Qxf2 Qxf2+ 23. Kxf2 fxe6+ 24. Ke3) 18... Rad8 19. Rxe6 fxe6 20. Qxe6+ Kh8 21. Qxe7 Rfe8 22. Qf7 (22. Qa3 $1 $11 {was the only way to keep the balance.}) 22... Rd7 $17 23. Qc4 {[%emt 0:00:00] [#]} Rxd4 24. Qxd4 $11 (24. cxd4 $2 Bd5 25. Qc3 Ne4 $19 (25... Bxb3 $2 26. Bxf6 gxf6 27. Qh3 $19)) 24... Qxb3 25. Bxf6 gxf6 26. Qxf6+ Kh7 {[%emt 0:00:07][%cal Ob3d5] aiming for ...Qd5!} 27. Qf5+ Kg7 {[%emt 0:00:10][%cal Ob3a4] [#] ...Qxa4! is the strong threat.} 28. Qg4+ Kh8 (28... Kf6 {is interesting.} 29. Qh4+ Ke6 30. Re1+ Kd7) 29. Qd4+ $1 Kh7 {[%emt 0:00:07][%cal Ob3c2] Hoping for ...Qc2!} 30. Qd3+ Kg7 31. Qd4+ $1 Kf7 32. Qf4+ $1 Ke6 {[%emt 0:01:33] White should prevent ...Kd7.} 33. Re1+ Kd7 34. Qf5+ Kc7 (34... Re6 {looks sharper.} 35. Qf7+ Kd6 36. Qf4+ Ke7) 35. Qf4+ $1 (35. Qxa5+ $2 b6 36. Qa7+ Bb7 $19) 35... Kb6 36. Qd4+ Ka6 37. Qd3+ (37. Rxe8 {simplifies} Bxe8 38. Qd3+ Ka7 39. Qe3+) 37... Ka7 38. Rxe8 Bxe8 39. Qe3+ Ka6 {[%emt 0:02:21] ( -> ...Qd1+)} 40. Qd3+ {[%emt 0:00:00] The position is equal.} ({Of course not} 40. Qe2+ b5 41. axb5+ (41. c4 $2 Qxc4 42. Qd2 Qxa4 $19) 41... Qxb5 (41... Bxb5 42. Qf3 $15) 42. Qe6+ Kb7 $17) 40... Kb6 41. Qd8+ Ka6 42. Qa8+ (42. Qxe8 $2 {is a self mate.} Qd1+) 42... Kb6 43. Qd8+ Ka6 {[%emt 0:00:24] Weighted Error Value: White=0.11 (very precise) /Black=0.10 (very precise) .  Mistake:       	White=1     	Black=1      Inaccurate:     	---       	Black=1      OK:         	White=11    	Black=15     Best:        	White=4     	Black=2      Strong:       	White=4     	---} 1/2-1/2

[Event "Israel Open Championship 2023"]
[Site "Acre"]
[Date "2024.01.29"]
[Round "9.18"]
[White "Vagman, Roy"]
[Black "Kochavi, Dana"]
[Result "1/2-1/2"]
[ECO "C50"]
[WhiteElo "2302"]
[BlackElo "2121"]
[Annotator "TA"]
[PlyCount "33"]
[EventDate "2024.01.18"]
[EventType "swiss"]
[EventCountry "ISR"]
[SourceTitle "playchess.com"]
[Source "ChessBase"]
[SourceQuality "1"]
[TimeControl "5400+30"]

1. e4 e5 2. Nf3 Nc6 3. Bc4 Bc5 4. d3 Nf6 5. Nc3 h6 6. h3 a6 7. Be3 d6 8. a3 O-O 9. O-O Re8 10. Nd5 Nxd5 11. Bxd5 Ne7 12. Bb3 {[%emt 0:00:50] Strongly threatening Bxc5.} Ng6 13. d4 exd4 14. Bxd4 Bxd4 15. Qxd4 Nf4 16. Rfe1 {[%emt 0:01:05] Dodges Ne2+} Be6 17. Bxe6 {[%emt 0:02:57] An uneventful encounter.   Weighted Error Value: White=0.09 (flawless) /Black=0.10 (very precise) .  Inaccurate:     	---       	Black=1      OK:         	White=2     	Black=2} 1/2-1/2

[Event "Israel Open Championship 2023"]
[Site "Acre"]
[Date "2024.01.29"]
[Round "9.19"]
[White "Katz, Kiril"]
[Black "Bykhovsky, Avigdor"]
[Result "1/2-1/2"]
[ECO "B40"]
[WhiteElo "2031"]
[BlackElo "2349"]
[Annotator "TA"]
[PlyCount "99"]
[EventDate "2024.01.18"]
[EventType "swiss"]
[EventCountry "ISR"]
[SourceTitle "playchess.com"]
[Source "ChessBase"]
[SourceQuality "1"]
[TimeControl "5400+30"]

1. e4 e6 2. b3 c5 3. Nf3 Nc6 4. Bb2 a6 5. d4 cxd4 6. Nxd4 Nge7 (6... Qf6 $11 {is superior.}) 7. Qf3 Nxd4 8. Bxd4 Nc6 9. Bb2 Bb4+ (9... d5 $5) 10. c3 Be7 11. Nd2 O-O 12. O-O-O (12. Be2 $11) 12... b5 (12... f5 $15 {was preferrable.}) 13. g3 (13. Qe3 $11) 13... Bb7 ({Better is} 13... Qb6 $17) 14. Qe2 (14. Qe3 $11 {remains equal.}) 14... Qc7 (14... b4 $17 15. cxb4 Nxb4) 15. Kb1 $15 Bf6 16. f4 (16. Rc1 $15) 16... d6 (16... b4 $1 $17 17. Qe3 Rfc8) 17. Bg2 Rfd8 18. g4 (18. Nf1 $15) 18... b4 $17 19. Rc1 bxc3 20. Bxc3 Bxc3 21. Rxc3 d5 22. e5 (22. Qf2 $15) 22... Rac8 (22... Qb6 $17 {Hoping for ...a5.} 23. Rhc1 a5) 23. Rhc1 $11 Qa5 24. Nf1 (24. Nf3 $15) 24... Qb4 $17 25. Qd2 a5 $36 {[%emt 0:00:00][%mdl 2048] Black is on the roll.} 26. Rh3 (26. R3c2 $17) 26... Ba6 $19 27. Rhc3 Nd4 (27... Qb6 $19 28. Ka1 h6) 28. Rxc8 $17 Rxc8 29. Rxc8+ Bxc8 30. Qxb4 axb4 {[%emt 0:00:01][%mdl 4096] Endgame. KBN-KBN} 31. Ng3 (31. Nd2 $142) 31... Ba6 (31... h6 $1 $17 {...Nc6 would now be deadly.} 32. Nh5 Ba6) 32. Kb2 ({White should play} 32. g5 $1 $15) 32... h6 $1 33. a3 bxa3+ 34. Kxa3 g5 35. fxg5 hxg5 36. Ka4 Nc6 37. Bf1 (37. b4 $142 Nxe5 38. b5) 37... Bxf1 $19 38. Nxf1 Nxe5 {[%emt 0:00:02] KN-KN} 39. b4 $2 (39. h3) 39... Nxg4 40. b5 Ne5 41. b6 Nd7 42. Kb5 {[%emt 0:00:06] [#]} Nxb6 $2 43. Kxb6 {[%emt 0:00:01] KN-KP} Kg7 44. Kc5 Kf6 {[%emt 0:03:39] aiming for ...Ke5.} 45. Kd6 (45. Ne3 $11) 45... g4 $2 (45... Kf5 $19 {And now ...g4 would win.} 46. Ng3+ Kf4) 46. Ne3 $11 {[%emt 0:00:00] The position is equal.} Kg5 47. Ke5 Kh4 48. Kf4 f5 49. Ke5 Kh3 50. Kxe6 {[%emt 0:00:00] White happily takes the draw.   Weighted Error Value: White=0.45/Black=0.39.  Loses game:     	White=1     	---        Missed win:     	---       	Black=2      Mistake:       	White=12    	Black=7      Inaccurate:     	White=3     	Black=1      OK:         	White=13    	Black=16     Best:        	White=2     	Black=3      Strong:       	---       	Black=1} 1/2-1/2